 Dungeon Crawl Stone Soup version 0.16.2-12-gd0ad4c3 (webtiles) character file.

7880551 Juudaz the Grand Master (level 27, 139/139 HPs)
             Began as a Gargoyle Monk on Oct 14, 2015.
             Was the Champion of the Shining One.
             Escaped with the Orb
             ... and 12 runes on Oct 20, 2015!
             The game lasted 15:55:28 (140880 turns).

Juudaz the Grand Master (Gargoyle Monk)           Turns: 140880, Time: 15:55:28

Health: 139/139    AC: 62    Str: 23 (27) XL:     27
Magic:  30/30      EV: 35    Int:  7 (12) God:    the Shining One [******]
Gold:   6776       SH:  0    Dex: 23 (25) Spells: 1 memorised, 34 levels left

rFire  + + +     SeeInvis .     l - +9 triple sword (holy)
rCold  x x .     Rnd*Rage +     E - +8 fire dragon armour
rNeg   + + +     SustAb   .     (no shield)
rPois  ∞         Gourm    .     g - +2 hat of the Bear Spirit {Spirit, +Rage rN+ MR++}
rElec  +         Spirit   +     Z - +2 cloak {rPois}
rCorr  .         Warding  +     L - +3 pair of gauntlets of War {Slay+5}
rMut   .         Stasis   .     X - +2 pair of boots {run}
MR     ++++.                    D - brooch of Shielding {Ward rN+ AC+4 EV+4}
Stlth  +.........               S - ring of Zionaul {rPois rC- rN+ Str+4 Dex+6}
                                Q - ring "Torirap" {rF+++ rN+ Str+7 Stlth-}

@: flying, glowing, quick, incredibly resistant to hostile enchantments, very
unstealthy
A: able to fly continuously, big wings, berserk 1, blurry vision 3, clumsy 1,
deformed body, deterioration 3, dopey 1, frail 3, low mp 3, negative energy
resistance 1, screaming 1, electricity resistance, unbreathing, petrification
resistance, no device heal 1, rot immunity, placid magic 2, MP-powered wands 1,
AC +20
a: Stop Flying, Divine Shield, Cleansing Flame, Summon Divine Warrior, Renounce
Religion, Evoke Berserk Rage
0: Orb of Zot
}: 12/15 runes: serpentine, barnacled, slimy, silver, golden, iron, abyssal,
demonic, glowing, magical, fiery, dark


You escaped.
You worshipped the Shining One.
The Shining One was exalted by your worship.
You were not hungry.

You visited 14 branches of the dungeon, and saw 75 of its levels.
You visited Pandemonium 1 time, and saw 23 of its levels.
You visited the Abyss 3 times.
You also visited: Sewer, Bailey, Ice Cave and Volcano.

You collected 13957 gold pieces.
You spent 6111 gold pieces at shops.

Inventory:

Hand weapons
 l - a +9 triple sword of holy wrath (weapon)
Armour
 g - the +2 hat of the Bear Spirit (worn) {Spirit, +Rage rN+ MR++}
   (You bought it in a shop on level 3 of the Snake Pit)

   It protects you from negative energy.
   It affects your resistance to hostile enchantments.
   It lets you go berserk.
 y - the cursed +2 scale mail "Kaysk" {+Blink rN+ MP+9 Dex+4}
   (Okawaru gifted it to you on level 5 of the Depths)

   It affects your dexterity (+4).
   It protects you from negative energy.
   It affects your magic capacity (+9).
   It lets you blink.
   It has a curse placed upon it.
 E - a +8 fire dragon armour (worn)
 L - the +3 pair of gauntlets of War (worn) {Slay+5}
   (You bought it in a shop on level 1 of the Vaults)

   It affects your accuracy and damage with ranged weapons and melee attacks
   (+5).
 X - a +2 pair of boots of running (worn)
 Z - a +2 cloak of poison resistance (worn)
Jewellery
 q - the amulet "Plytow" {Stasis Str+6}
   (You found it on level 5 of the Vaults)

   [amulet of stasis]

   It prevents you from being teleported, slowed, hasted or paralysed.
   It affects your strength (+6).
 v - the ring "Ehol" {MP+9 AC+3 Str+4}
   (You found it on level 5 of the Vaults)

   [ring of protection]

   It affects your AC (+3).
   It affects your strength (+4).
   It affects your magic capacity (+9).
 z - the cursed ring "Souhulel" {rN+ MR+}
   (You bought it in a shop on level 4 of the Orcish Mines)

   [ring of positive energy]

   It protects you from negative energy.
   It affects your resistance to hostile enchantments.
   It has a curse placed upon it.
 B - the cursed ring of the Eight Seas {rF+ Dex-6}
   (You found it in Pandemonium)

   [ring of dexterity]

   It affects your dexterity (-6).
   It protects you from fire.
   It has a curse placed upon it.
 D - the brooch of Shielding (around neck) {Ward rN+ AC+4 EV+4}
   (You found it on level 4 of the Realm of Zot)

   [amulet of warding]

   It may prevent the melee attacks of summoned creatures.
   It affects your AC (+4).
   It affects your evasion (+4).
   It protects you from negative energy.
 G - a cursed amulet of resist corrosion
 P - the ring of the Madman {rC+ MR+ Int+3 SInv}
   (You found it on level 5 of the Vaults)

   [ring of protection from cold]

   It affects your intelligence (+3).
   It protects you from cold.
   It affects your resistance to hostile enchantments.
   It enhances your eyesight.
 Q - the ring "Torirap" (left hand) {rF+++ rN+ Str+7 Stlth-}
   (You found it on level 3 of the Crypt)

   [ring of positive energy]

   It affects your strength (+7).
   It renders you almost immune to fire.
   It protects you from negative energy.
   It makes you less stealthy.
 S - the ring of Zionaul (right hand) {rPois rC- rN+ Str+4 Dex+6}
   (You found it on level 3 of the Crypt)

   [ring of positive energy]

   It affects your strength (+4).
   It affects your dexterity (+6).
   It makes you vulnerable to cold.
   It protects you from poison.
   It protects you from negative energy.
 V - an uncursed amulet of resist mutation
 Y - an uncursed ring of teleport control
Magical devices
 b - a wand of digging (10)
 m - a wand of digging (14)
 o - a wand of heal wounds (0)
 u - a wand of teleportation (3)
 w - a wand of digging (4)
 x - a wand of heal wounds (2)
Scrolls
 a - 15 scrolls of enchant weapon
 d - 2 scrolls of brand weapon
 e - 4 scrolls of blinking
 j - 4 scrolls of holy word
 p - 12 scrolls of remove curse
 s - 14 scrolls of identify
 A - 2 scrolls of silence
 C - 10 scrolls of teleportation
 M - 3 scrolls of enchant armour
 R - a scroll of amnesia
Potions
 c - 12 potions of might
 h - 16 potions of curing
 n - 2 potions of magic
 t - 5 potions of haste
 J - a potion of resistance
 K - 2 potions of berserk rage
 N - 12 potions of agility
 T - 5 potions of cancellation
 W - 2 potions of heal wounds
Books
 r - the Guide on Changing
   (You found it in Pandemonium)

   Spells                             Type                      Level
   a - Beastly Appendage              Transmutation                1
   b - Sticks to Snakes               Transmutation                2
   c - Stoneskin                      Transmutation/Earth          2
   d - Dragon Form                    Transmutation                7
 U - a book of Annihilations This book is beyond your current level of understanding.

   Spells                             Type                      Level
   a - Poison Arrow                   Conjuration/Poison           6
   b - Chain Lightning                Conjuration/Air              8
   c - Lehudib's Crystal Spear        Conjuration/Earth            8
   d - Glaciate                       Conjuration/Ice              9
   e - Fire Storm                     Conjuration/Fire             9
Comestibles
 i - 19 meat rations
 k - 9 bread rations
 F - a beef jerky
 H - a slice of pizza


   Skills:
 O Level 27 Fighting
 - Level 24.0 Long Blades
   Level 10.0 Axes
 O Level 27 Armour
 - Level 22.2 Dodging
 - Level 9.7 Stealth
 O Level 27 Unarmed Combat
 - Level 6.6 Spellcasting
   Level 5.5 Conjurations
 - Level 6.1 Summonings
 * Level 23.6 Invocations
 - Level 7.5 Evocations


You had 34 spell levels left.
You knew the following spells:

 Your Spells              Type           Power        Failure   Level  Hunger
a - Summon Demon          Summ           #.........   63%         5    ######.


Dungeon Overview and Level Annotations

Branches:
Dungeon (15/15)            Temple (0/1) D:4            Lair (8/8) D:8
 Shoals (5/5) Lair:3        Snake (5/5) Lair:5        Slime (6/6) Lair:6
    Orc (4/4) D:12            Elf (3/3) Orc:4        Vaults (5/5) D:13
  Crypt (3/3) Vaults:3       Tomb (3/3) Crypt:3      Depths (5/5) D:15
   Hell (1/1)                 Dis (7/7) Hell            Zot (5/5) Depths:5
    Geh: Hell:1         Coc: Hell:1         Tar: Hell:1

Altars:
Ashenzari
Dithmenos
Elyvilon
Makhleb
Okawaru
Sif Muna
Trog
Yredelemnul
The Shining One
Beogh
Lugonu

Shops:
D:6 [   D:8 !   Orc:1 (   Orc:4 (?:=   Elf:2 }   Shoals:5 !   Snake:3 }*?:
Vaults:1 [   Vaults:2 :   Vaults:3 [   Depths:1 *   Depths:2 }   Depths:4 :

Portals:
Hell: Depths:1 Depths:2 Depths:3 Depths:4 Depths:5
Abyss: Depths:1 Depths:4
Pandemonium: Depths:1 Depths:3
Ziggurat: Depths:1

Annotations:
Lair:4 exclusion: ice statue


Innate Abilities, Weirdness & Mutations

You are resistant to torment.
You are immune to poison.
You can fly continuously.
Your stone body is very resilient (AC +20).
Your wings are large and strong.
You resist negative energy.
You are resistant to electric shocks.
You can survive without breathing.
You are immune to petrification.
You are immune to rotting.
You tend to lose your temper in combat.
Scrolls take you much longer to read.
You are clumsy. (Dex -2)
Armour fits poorly on your strangely shaped body.
Your body is rapidly deteriorating.
You are dopey. (Int -2)
You are extremely frail (-30% HP).
Your magical capacity is extremely low (-30% MP).
You occasionally shout uncontrollably at your foes.
Potions and wands are less effective at restoring your health.
Your spells are easier to cast, but less powerful.
You expend magic power (3 MP) to slightly strengthen your wands.


Message History

The Shining One accepts your kill.
Use which ability? (? or * to list)
A divine shield forms around you!
You feel slightly more hungry.
There is a stone staircase leading up here.
You fly upwards.
You sense a powerful magical force warping space.
There is a stone staircase leading down here.
Zapping:
w - a wand of digging (5)
Press: ? - help, Shift-Dir - straight line The rock shatters into small pieces.
This wand has 4 charges left.
You feel weakened.
There is an open door here.
You see here 13 stones.
Your divine shield starts to fade.
There is an open gate here.
A large abomination comes into view.
There is an open door here.
Your divine shield fades away.
There is a staircase leading out of the dungeon here.
You have escaped!

##♣...............#
....♣♣♣#'''#♣♣♣..♣#
...♣♣###...###♣♣..#
.♣♣♣ #.......# ♣♣♣#
♣♣####....8..####
###..#.......#..###
#....#.8...8.'....#
#....#...⌠...#....#
#.⌠..'.8.....#..@.#
#....#...8...#....#
###################


There were no monsters in sight!

Vanquished Creatures
  Cerebov (Pan)
  the royal jelly (Slime:6)
  Gloorx Vloq (Pan)
  Mnoleg (Pan)
  Lom Lobon (Pan)
  7 ancient liches
  4 orbs of fire (Zot:5)
  The ghost of Charly the Executioner, an awesomely powerful MiBe of Makhleb (Dis:7)
  27 greater mummies
  15 pandemonium lords (Pan)
  Sojobo (Vaults:2)
  Saint Roka (Snake:2)
  3 curse toes
  3 Killer Klowns
  Geryon (Hell)
  7 golden dragons
  Jory (Tomb:1)
  Xtahua (Depths:3)
  3 bone dragons
  Nikola (Elf:2)
  18 Orb Guardians
  An electric golem (Zot:5)
  18 Ice Fiends
  12 Brimstone Fiends
  13 liches
  19 tentacled monstrosities
  A hellephant (Abyss:2)
  14 Hell Sentinels
  13 titans
  Asterion (Depths:3)
  10 deep elf blademasters
  7 deep elf master archers
  9 Shadow Fiends
  6 quicksilver dragons
  4 eldritch tentacles
  4 tentacled starspawn
  A kraken (Shoals:1)
  39 acid blobs
  54 large abominations
  22 Executioners
  3 ancient champions
  12 warmongers (Pan)
  7 sphinxes
  Rupert (Lair:5)
  10 shadow dragons
  13 storm dragons
  A thorn hunter (Abyss:3)
  4 draconian monks
  7 corrupters (Pan)
  Ilsuiw (Shoals:5)
  9 tengu reavers
  5 revenants
  The ghost of Kharon the Fencer, a powerful MiBe of Trog (Elf:2)
  22 balrugs
  6 greater nagas (Snake:5)
  29 azure jellies
  23 fire giants
  2 ghost moths (Zot:3)
  Wiglaf (Depths:3)
  16 iron dragons
  23 frost giants
  6 draconian scorchers
  6 deep elf sorcerers
  An orc warlord (Orc:3)
  3 curse skulls
  15 ghouls
  5 emperor scorpions
  2 draconian knights
  22 cacodemons
  The ghost of Charly the Executioner, a powerful MiBe of Trog (Snake:5)
  Gastronok (Orc:4)
  3 draconian zealots
  An angel (Pan)
  19 ironheart preservers
  16 vault wardens
  Jorgrun (Depths:1)
  27 war gargoyles
  17 very ugly things
  6 draconian annihilators
  37 stone giants
  6 draconian shifters
  A spriggan defender (Depths:3)
  76 reapers
  7 grey draconians
  4 draconian callers
  4 deep elf demonologists
  8 green draconians
  14 lorocyprocas
  4 bennus
  6 purple draconians
  5 white draconians
  Azrael (Elf:3)
  11 chaos champions (Pan)
  2 black draconians
  6 red draconians
  19 yellow draconians
  4 dire elephants
  6 vampire knights
  11 mottled draconians
  6 pale draconians
  10 deep elf annihilators
  14 blood saints (Pan)
  12 deep elf death magi
  Snorg (Orc:1)
  7 black suns (Pan)
  20 mummy priests
  6 unborn
  19 blizzard demons
  8 merfolk javelineers
  2 eidola
  15 death oozes (Slime:6)
  13 jiangshi
  4 quicksilver dragon zombies
  3 crystal guardians (Crypt:3)
  7 ettins
  14 rakshasas
  30 vault guards
  A minotaur (Depths:1)
  5 death cobs
  Josephine (Orc:1)
  10 deep elf high priests
  17 fire dragons
  The ghost of Kharon the Fencer, a powerful DsBe of Trog (Lair:7)
  15 merfolk impalers
  19 ice dragons
  24 green deaths
  2 quicksilver dragon skeletons (Crypt:3)
  Fannar (Lair:2)
  11 hydras
  17 yaktaur captains
  Harold (D:13)
  23 naga warriors
  13 hell beasts
  17 great orbs of eyes
  21 monstrous demonspawn (Pan)
  An anaconda (shapeshifter) (Depths:3)
  8 centaur warriors
  3 spriggan air magi
  Erica (Lair:6)
  10 deep troll shamans
  A catoblepas (Lair:8)
  21 dancing weapons
  A satyr (shapeshifter) (Vaults:5)
  4 alligator snapping turtles
  3 merfolk avatars
  8 deep troll earth magi
  13 anacondas
  7 vampire magi
  4 satyrs
  8 shock serpents
  6 merfolk aquamancers
  22 ogre magi
  7 titan zombies
  2 spriggan berserkers
  34 death yaks
  7 hell hogs
  3 orc high priests (Orc:4)
  3 tengu warriors
  4 thrashing horrors
  Urug (D:10)
  32 soul eaters
  18 naga sharpshooters
  20 iron golems
  A death knight (Crypt:1)
  2 storm dragon zombies
  The ghost of Juudaz the Cleaver, an experienced MiFi of Qazlal (D:9)
  35 sun demons
  19 ice devils
  14 iron trolls
  10 shadow wraiths
  33 hell knights
  5 wretched stars
  The ghost of Kharon the Arsonist, an experienced DEFE of Vehumet (Lair:1)
  6 spatial maelstroms
  3 fire crabs
  89 skeletal warriors
  5 titan skeletons
  4 salamander mystics
  8 unseen horrors
  28 death scarabs
  27 deep elf knights
  A death drake (Abyss:2)
  26 deep trolls
  A quicksilver dragon simulacrum (Depths:4)
  2 ghost moth zombies
  19 shadow demons
  19 putrid demonspawn (Pan)
  17 flayed ghosts
  A cherub (Zot:5)
  7 anaconda zombies
  A shambling mangrove (Abyss:3)
  25 gelid demonspawn (Pan)
  6 giant orange brains
  A giant orange brain (shapeshifter) (Vaults:5)
  11 naga ritualists
  14 sea snakes
  4 golden dragon skeletons
  16 infernal demonspawn (Pan)
  A spectral hydra (Tomb:3)
  11 hill giants
  3 ice statues
  17 orc knights
  15 deep elf summoners
  23 torturous demonspawn (Pan)
  2 anaconda skeletons
  7 shadow dragon zombies
  A hill giant (shapeshifter) (Vaults:3)
  5 wizards
  The ghost of Charly the Cleaver, an experienced MiBe of Trog (D:11)
  5 hornets
  45 harpies
  3 ugly thing zombies (D:15)
  14 deep elf conjurers
  A harpy (shapeshifter) (Vaults:2)
  2 deathcaps (Zot:5)
  A wolf spider (Vaults:1)
  15 ironbrand convokers
  15 necromancers
  21 anubis guards
  A wolf spider zombie (Tomb:1)
  20 phantasmal warriors
  52 ugly things
  6 stone giant zombies
  13 fauns
  An iron dragon zombie (Crypt:3)
  2 shadow dragon skeletons (Tomb:1)
  A sphinx zombie (Depths:2)
  17 griffons
  6 fire giant zombies
  8 water nymphs
  15 manticores
  7 orc sorcerers
  3 frost giant zombies
  21 vault sentinels
  3 oklob plants
  17 small abominations
  11 cyclopes
  18 mana vipers
  9 shining eyes
  3 worldbinders
  14 salamanders
  12 moths of wrath
  A hornet (shapeshifter) (D:13)
  A frost giant skeleton (Crypt:3)
  6 sirens
  An iron dragon skeleton (Pan)
  50 sixfirhies
  Maurice (D:10)
  9 elephants
  60 smoke demons
  4 dire elephant zombies
  Joseph (Lair:1)
  3 storm dragon simulacra
  A stone giant skeleton (Crypt:3)
  A torpor snail (shapeshifter) (Vaults:5)
  2 apocalypse crabs
  5 centaur zombies
  A shock serpent zombie (Crypt:1)
  2 torpor snails
  A drowned soul (Shoals:3)
  30 naga magi
  A gargoyle (D:10)
  48 rust devils
  3 eyes of devastation
  47 orange demons
  4 guardian serpents
  A dire elephant skeleton (Pan)
  A molten gargoyle (Depths:1)
  5 komodo dragons
  11 spiny frogs
  A mottled draconian zombie (Zot:3)
  10 demonic crawlers (Pan)
  37 black mambas
  An emperor scorpion zombie (Dis:1)
  A komodo dragon (shapeshifter) (Depths:3)
  50 yaktaurs
  3 kobold demonologists
  A redback zombie (D:15)
  40 tormentors
  2 death yak zombies (Depths:2)
  20 deep elf priests
  A spiny frog (shapeshifter) (Vaults:5)
  12 ancient zymes
  15 hellions
  A golden dragon simulacrum (IceCv)
  13 freezing wraiths
  A troll (shapeshifter) (Depths:4)
  A pale draconian skeleton (Crypt:1)
  6 efreet
  43 guardian mummies
  A silent spectre (Crypt:1)
  A grey draconian skeleton (Crypt:1)
  61 hellwings
  A wolf spider simulacrum (IceCv)
  11 fire drakes
  2 wind drakes (Shoals:5)
  2 harpy zombies
  3 anaconda simulacra (IceCv)
  3 hydra zombies
  46 red devils
  5 trolls
  39 merfolk
  22 blue devils
  4 wandering mushrooms
  A two-headed ogre (shapeshifter) (Elf:3)
  87 slime creatures
  2 tengu conjurers
  3 polar bears (Lair:4)
  4 fire vortices
  2 jumping spiders
  24 two-headed ogres
  A death drake skeleton (Crypt:1)
  2 hydra skeletons
  14 blink frogs
  Prince Ribbit (Orc:1)
  17 raiju
  11 air elementals
  A hornet zombie (D:13)
  10 ravens
  12 snapping turtles
  5 ice dragon zombies
  A bog body (Crypt:3)
  5 ettin zombies
  2 alligator zombies
  10 boulder beetles
  22 ushabtiu
  A jumping spider (shapeshifter) (Depths:4)
  A snapping turtle (shapeshifter) (Vaults:5)
  5 fire dragon zombies
  2 dire elephant simulacra (IceCv)
  A redback (shapeshifter) (Depths:4)
  2 tarantellas (Vaults:3)
  14 redbacks
  A trapdoor spider (D:12)
  95 flying skulls
  30 water elementals
  2 ice dragon skeletons
  38 yaks
  A stone giant simulacrum (Vaults:2)
  An ettin skeleton (Dis:3)
  28 wraiths
  A spriggan (Lair:6)
  7 basilisks
  13 golden eyes
  31 shadows
  2 black mamba zombies
  5 fire bats
  3 alligator skeletons
  9 fire elementals
  40 deep elf magi
  2 spriggans (shapeshifter)
  11 wyverns
  36 ynoxinuls
  Eustachio (D:8)
  Grum (Orc:2)
  54 deep elf fighters
  A hog (Volcano)
  19 hippogriffs
  30 neqoxecs
  9 chaos spawn
  4 vampires
  2 raven zombies (D:15)
  4 harpy simulacra (IceCv)
  12 vampire mosquitoes
  4 hydra simulacra
  Edmund (D:8)
  2 death yak simulacra (IceCv)
  3 hungry ghosts
  Menkaure (D:4)
  8 wargs
  A warg (shapeshifter) (Vaults:1)
  An iron troll simulacrum (IceCv)
  58 nagas
  13 porcupines
  47 hell hounds
  A soldier ant (D:12)
  4 spatial vortices
  An orb spider zombie (Crypt:1)
  12 wolves
  A gelid demonspawn skeleton (Crypt:1)
  20 ice beasts
  7 sky beasts
  3 spiny frog zombies
  2 ettin simulacra (IceCv)
  A mottled dragon (D:14)
  44 orc warriors
  A spiny frog skeleton (Dis:4)
  2 wasps
  A black bear (Lair:8)
  81 ogres
  13 eyes of draining
  A deep dwarf (shapeshifter) (Depths:4)
  4 phantoms
  A swamp dragon zombie (Dis:3)
  3 snapping turtle zombies
  47 water moccasins
  A boring beetle (Lair:7)
  A boring beetle (shapeshifter) (Vaults:4)
  8 boggarts
  17 necrophages
  5 big kobolds
  A tengu (shapeshifter) (Vaults:4)
  22 centaurs
  2 snapping turtle skeletons
  13 crocodiles
  Duvessa (D:4)
  A lost soul (Elf:3)
  2 yaktaur zombies (Depths:4)
  2 draconian zombies
  25 giant frogs
  A salamander zombie (Crypt:1)
  Blork the orc (D:7)
  2 brain worms
  A draconian skeleton (Crypt:2)
  A water moccasin zombie (D:12)
  A gnoll sergeant (D:8)
  A hell hound zombie (Hell)
  A wyvern zombie (D:10)
  5 killer bees (D:11)
  A wyvern skeleton (D:12)
  A hell hound skeleton (Hell)
  4 scorpions
  A troll zombie (Dis:7)
  A scorpion (shapeshifter) (Vaults:3)
  6 electric eels
  A raiju skeleton (Crypt:2)
  A goliath beetle (shapeshifter) (Vaults:1)
  44 wights
  Dowan (D:4)
  3 goliath beetles
  11 starcursed masses (Abyss:2)
  12 crimson imps
  4 draconian simulacra (IceCv)
  10 hounds
  53 jellies
  An elf zombie (Vaults:4)
  2 giant frog skeletons
  A gnoll shaman (D:6)
  A spectral porcupine (Tomb:3)
  A giant frog zombie (D:5)
  Crazy Yiuf (D:3)
  A human zombie (Dis:7)
  57 iron imps
  24 orc priests
  4 centaur skeletons
  3 human simulacra
  3 quasits
  4 troll simulacra (IceCv)
  28 orc wizards
  9 iguanas
  2 spriggan simulacra (IceCv)
  7 hell rats
  12 worker ants
  18 sheep
  3 wolf simulacra (IceCv)
  A naga zombie (Dis:7)
  A mottled dragon zombie (Crypt:1)
  A crocodile skeleton (Crypt:2)
  A tengu skeleton (Crypt:2)
  2 hound skeletons
  81 mummies
  A worker ant zombie (D:5)
  2 naga simulacra (IceCv)
  19 gnolls
  An ogre simulacrum (IceCv)
  27 adders
  55 river rats
  4 giant mites
  7 shadow imps
  10 white imps
  A worm (shapeshifter) (Vaults:2)
  3 worms
  A giant eyeball (Pan)
  39 ufetubi
  An adder zombie (D:9)
  An adder skeleton (D:7)
  7 giant geckos
  2 oozes
  144 orcs
  3 bat skeletons
  A bat zombie (D:8)
  6 giant cockroaches
  23 goblins
  26 hobgoblins
  13 jackals
  18 ball pythons
  33 bats
  A giant gecko skeleton (D:6)
  7 giant newts
  A giant newt zombie (Crypt:1)
  A giant spore (D:13)
  31 kobolds
  A kobold skeleton (Crypt:2)
  3 kobold zombies
  2 orc zombies (Vaults:4)
  12 quokkas
  43 rats
  4 ballistomycetes
  A briar patch (Abyss:3)
  4 crawling corpses
  An eldritch tentacle segment (Pan)
  4 fungi
  9 grand avatars (Pan)
  2 plants
  A starspawn tentacle (Abyss:1)
  4 tentacles (Shoals:1)
5523 creatures vanquished.

Vanquished Creatures (collateral kills)
  Dispater (Dis:7)
  2 pandemonium lords (Pan)
  A Killer Klown (Pan)
  A golden dragon (Zot:4)
  3 Brimstone Fiends
  A tentacled monstrosity (Zot:5)
  3 Orb Guardians (Zot:5)
  A Hell Sentinel (Pan)
  A titan (Dis:6)
  A deep elf master archer (Dis:7)
  A quicksilver dragon (Dis:3)
  2 Ice Fiends
  A deep elf blademaster (Dis:6)
  13 Executioners
  A storm dragon (Zot:5)
  A black sun (Pan)
  An iron dragon (Dis:3)
  9 balrugs
  3 warmongers (Pan)
  5 cacodemons (Pan)
  5 war gargoyles (Dis:7)
  11 reapers
  An angel (Pan)
  3 stone giants
  A deep elf annihilator (Pan)
  A corrupter (Pan)
  4 lorocyprocas (Pan)
  A purple draconian (Zot:4)
  2 green deaths (Pan)
  3 blizzard demons (Pan)
  A quicksilver dragon zombie (Dis:7)
  2 monstrous demonspawn (Pan)
  A titan zombie (Dis:7)
  A hell hog (Dis:3)
  A soul eater (Dis:2)
  2 iron golems
  A deep elf knight (Dis:7)
  A titan skeleton (Dis:6)
  A shadow wraith (Pan)
  2 giant orange brains (Pan)
  5 sun demons
  16 skeletal warriors
  5 iron trolls
  3 gelid demonspawn (Pan)
  An ice devil (Dis:7)
  10 large abominations (Pan)
  A shadow demon (Pan)
  An anaconda zombie (Dis:7)
  4 torturous demonspawn
  4 putrid demonspawn (Pan)
  A wolf spider zombie (Dis:7)
  2 wizards (Pan)
  2 anaconda skeletons
  A golden dragon skeleton (Pan)
  A deep elf conjurer (Dis:7)
  A stone giant zombie (Dis:4)
  3 moths of wrath
  A frost giant skeleton (Pan)
  6 sixfirhies (Pan)
  13 rust devils
  8 orange demons (Pan)
  A shock serpent zombie (Dis:7)
  5 smoke demons (Pan)
  An efreet (Pan)
  6 tormentors
  6 hellions
  A deep elf priest (Dis:7)
  10 hellwings (Pan)
  A minotaur zombie (Dis:7)
  10 red devils
  8 blue devils
  An alligator zombie (Dis:5)
  An ice dragon zombie (Dis:3)
  6 flying skulls
  An ettin zombie (Dis:3)
  A fire dragon skeleton (Pan)
  A deep elf mage (Dis:6)
  2 shadows
  9 ynoxinuls
  2 wraiths
  A chaos spawn (Pan)
  2 deep elf fighters (Dis:7)
  12 hell hounds
  A spatial vortex (Dis:3)
  8 neqoxecs (Pan)
  A spiny frog zombie (Dis:7)
  A merfolk zombie (Dis:3)
  A manticore zombie (Dis:6)
  An orc warrior (Snake:2)
  A phantom (Dis:6)
  A small abomination (Dis:7)
  An elf zombie (Dis:4)
  3 wights (Dis:6)
  A crimson imp (Pan)
  9 iron imps
  2 shadow imps (Pan)
  14 ufetubi
  An orc (Snake:2)
  2 grand avatars (Pan)
322 creatures vanquished.

Vanquished Creatures (others)
  A quicksilver dragon (Vaults:5)
  An eldritch tentacle (Pan)
  4 daevas
  14 angels
  A deep elf death mage (Elf:3)
  A mummy priest (Tomb:2)
  An ice dragon (Vaults:2)
  A hell beast (Pan)
  A rakshasa (Pan)
  An ogre mage (Snake:2)
  A sun demon (Pan)
  A naga sharpshooter (Snake:5)
  A shadow wraith (Vaults:2)
  An anaconda zombie (Dis:7)
  4 ball lightnings (Pan)
  An anubis guard (Tomb:3)
  11 death scarabs
  A deep elf conjurer (Elf:2)
  A torturous demonspawn (Pan)
  A necromancer (Depths:2)
  A fire giant skeleton (Depths:2)
  5 drowned souls
  A moth of wrath (Zot:4)
  2 smoke demons (Pan)
  A torpor snail (Depths:2)
  2 orange demons (Pan)
  A death yak zombie (Depths:2)
  A hellwing (Pan)
  A harpy zombie (Hell)
  A blue devil (Dis:7)
  A troll (Orc:2)
  2 fire vortices (Pan)
  A wolf spider simulacrum (Tomb:2)
  A slime creature (Vaults:2)
  A raven (Depths:5)
  10 flying skulls
  A deep elf mage (Elf:3)
  3 water elementals
  A dire elephant simulacrum (Tomb:2)
  3 deep elf fighters
  A naga (Lair:4)
  2 swamp drakes
  An orc warrior (Volcano)
  2 ogres
  A centaur (Volcano)
  14 lost souls
  A giant frog (D:8)
  A spiny frog simulacrum (Tomb:2)
  An electric eel (Lair:2)
  2 jellies (Zot:3)
  An orc wizard (Orc:4)
  5 mummies
  An adder (Lair:8)
  A shadow imp (Elf:1)
  3 ufetubi (IceCv)
  2 chimeras
  2 orcs
  2 giant spores
  A lurking horror (Abyss:2)
  A ballistomycete (D:13)
  A block of ice (Pan)
  102 eldritch tentacle segments
  27 fungi
  11 plants
  9 starspawn tentacles
  51 starspawn tentacle segments
  20 tentacles (Shoals:1)
  729 tentacle segments (Shoals:1)
1084 creatures vanquished.

Grand Total: 6929 creatures vanquished

Notes
Turn   | Place    | Note
--------------------------------------------------------------
     0 | D:1      | Juudaz, the Gargoyle Monk, began the quest for the Orb.
     0 | D:1      | Reached XP level 1. HP: 14/14 MP: 1/1
   550 | D:1      | Reached XP level 2. HP: 13/19 MP: 2/2
   992 | D:1      | Reached XP level 3. HP: 23/23 MP: 3/3
  1359 | D:1      | Reached skill level 5 in Unarmed Combat
  1847 | D:2      | Found an iron altar of Okawaru.
  1850 | D:2      | Reached XP level 4. HP: 25/28 MP: 4/4
  1866 | D:2      | Became a worshipper of Warmaster Okawaru
  1866 | D:2      | Acquired Okawaru's first power
  2306 | D:2      | Found a deep blue altar of Sif Muna.
  2424 | D:2      | Reached skill level 6 in Unarmed Combat
  2438 | D:2      | Reached XP level 5. HP: 12/32 MP: 3/5
  3185 | D:3      | Noticed Crazy Yiuf
  3198 | D:3      | Killed Crazy Yiuf
  3500 | D:4      | Reached skill level 7 in Unarmed Combat
  3564 | D:4      | Noticed Duvessa
  3568 | D:4      | Noticed Dowan
  3572 | D:4      | Killed Duvessa
  3572 | D:4      | Reached XP level 6. HP: 28/37 MP: 3/6
  3580 | D:4      | Killed Dowan
  3904 | D:4      | Found a staircase to the Ecumenical Temple.
  3921 | D:4      | Noticed an ogre
  3932 | D:4      | Killed an ogre
  3932 | D:4      | Reached skill level 8 in Unarmed Combat
  3935 | D:4      | Reached XP level 7. HP: 41/41 MP: 4/7
  4068 | D:4      | Found a shattered altar of Ashenzari.
  4122 | D:4      | Noticed Menkaure
  4128 | D:4      | Killed Menkaure
  4285 | D:4      | Found a bloodstained altar of Trog.
  4287 | D:4      | Found a glowing golden altar of the Shining One.
  4404 | D:4      | Noticed a phantom
  4423 | D:4      | Killed a phantom
  4423 | D:4      | Reached skill level 9 in Unarmed Combat
  4679 | D:4      | Found a white marble altar of Elyvilon.
  4770 | D:4      | Noticed an ogre
  4778 | D:4      | Killed an ogre
  4817 | D:5      | Entered Level 5 of the Dungeon
  4936 | D:5      | Reached XP level 8. HP: 46/46 MP: 8/8
  5140 | D:5      | Reached skill level 10 in Unarmed Combat
  5961 | D:6      | Found a basalt altar of Yredelemnul.
  5991 | D:6      | Found a glowing drain.
  6011 | Sewer    | Entered a sewer
  6824 | D:6      | Reached skill level 5 in Fighting
  6934 | D:6      | Reached XP level 9. HP: 54/54 MP: 6/9
  6991 | D:6      | Found Gelerr's Armour Boutique.
  7274 | D:6      | Reached skill level 5 in Dodging
  7626 | D:7      | Got a serpentine lead amulet
  7629 | D:7      | Identified the amulet "Bunlia" {Stasis Int+4} (You found it on level 7 of the Dungeon)
  8000 | D:7      | Noticed Blork the orc
  8022 | D:7      | Killed Blork the orc
  8564 | D:8      | Noticed Eustachio
  8574 | D:8      | Noticed Edmund
  8580 | D:8      | Killed Eustachio
  9098 | D:8      | Killed Edmund
  9125 | D:8      | Reached XP level 10. HP: 66/66 MP: 10/10
  9388 | D:8      | Reached skill level 1 in Armour
  9599 | D:8      | Found Eschofig's Distillery.
  9607 | D:8      | Bought a potion of restore abilities for 65 gold pieces
  9607 | D:8      | Bought a potion of curing for 39 gold pieces
  9607 | D:8      | Bought a potion of curing for 39 gold pieces
  9823 | D:8      | Reached skill level 10 in Fighting
  9931 | D:8      | Found a staircase to the Lair.
 10363 | D:9      | Noticed Juudaz's ghost (experienced MiFi)
 10379 | D:9      | Killed Juudaz's ghost
 10711 | D:10     | Entered Level 10 of the Dungeon
 10817 | D:10     | Reached skill level 11 in Unarmed Combat
 10956 | D:10     | Noticed Maurice
 11043 | D:10     | Noticed Urug
 11060 | D:10     | Killed Urug
 11060 | D:10     | Received a gift from Okawaru
 11226 | D:10     | Got a translucent war axe
 11380 | D:10     | Killed Maurice
 11380 | D:10     | Reached skill level 5 in Armour
 11380 | D:10     | Reached XP level 11. HP: 62/72 MP: 11/11
 11782 | D:10     | Killed an unseen horror
 11782 | D:10     | Reached skill level 12 in Unarmed Combat
 12881 | D:11     | Noticed Charly's ghost (experienced MiBe)
 12897 | D:11     | Killed Charly's ghost
 13058 | D:11     | Reached skill level 13 in Unarmed Combat
 14138 | D:12     | Noticed a four-headed hydra
 14147 | D:12     | Killed a four-headed hydra
 14147 | D:12     | Acquired Okawaru's second power
 14155 | D:12     | Noticed a hill giant
 14413 | Lair:1   | Entered Level 1 of the Lair of Beasts
 14413 | Lair:1   | Noticed Joseph
 14421 | Lair:1   | Killed Joseph
 14421 | Lair:1   | Received a gift from Okawaru
 14466 | Lair:1   | Reached XP level 12. HP: 60/77 MP: 9/12
 14472 | Lair:1   | Reached skill level 14 in Unarmed Combat
 14610 | Lair:1   | Noticed Kharon's ghost (experienced DEFE)
 14626 | Lair:1   | Killed Kharon's ghost
 15880 | Lair:2   | Noticed Fannar
 15905 | Lair:2   | Killed Fannar
 16482 | Lair:2   | Noticed an eight-headed hydra
 16493 | Lair:2   | Killed an eight-headed hydra
 17164 | Lair:3   | Reached skill level 15 in Unarmed Combat
 17173 | Lair:3   | Identified the +5 war axe of Untruth {elec, rElec rPois MR+} (You found it on level 10 of the Dungeon)
 17401 | Lair:3   | Found a staircase to the Shoals.
 17577 | Lair:3   | Received a gift from Okawaru
 17673 | Lair:3   | Reached XP level 13. HP: 67/82 MP: 11/13
 18184 | Lair:4   | Hired Apsigob the naga for 148 gold.
 18191 | Lair:4   | Your ally Apsigob died
 18225 | Lair:4   | HP: 2/82 [boulder beetle (24)]
 18232 | Lair:4   | Reached skill level 10 in Dodging
 18530 | Lair:4   | Reached skill level 1 in Invocations
 19127 | Lair:5   | Found a staircase to the Snake Pit.
 19453 | Lair:5   | Received a gift from Okawaru
 19731 | Lair:5   | Noticed Rupert
 19741 | Lair:5   | Killed Rupert
 21003 | Lair:6   | Noticed Erica
 21019 | Lair:6   | Killed Erica
 21170 | Lair:6   | Reached skill level 16 in Unarmed Combat
 21191 | Lair:6   | Found a staircase to the Slime Pits.
 21323 | Lair:6   | Reached skill level 5 in Invocations
 21658 | Lair:6   | Gained mutation: Your wings are large and strong. [gargoyle growth]
 21658 | Lair:6   | Reached XP level 14. HP: 84/88 MP: 16/23
 21718 | Lair:6   | Received a gift from Okawaru
 21759 | Lair:6   | Got a pair of dazzling gloves {god gift}
 21805 | Lair:6   | Identified the +1 pair of gloves of the Merchant {rPois rN+ Int+4 Slay-4} (Okawaru gifted it to you on level 6 of the Lair of Beasts)
 22322 | Lair:7   | Noticed Kharon's ghost (powerful DsBe)
 22340 | Lair:7   | Killed Kharon's ghost
 23216 | Lair:8   | Entered Level 8 of the Lair of Beasts
 23429 | Lair:8   | HP: 1/88 [fire crab (15)]
 23854 | Lair:8   | Reached skill level 17 in Unarmed Combat
 25050 | Lair:8   | Reached XP level 15. HP: 54/92 MP: 25/25
 25524 | D:12     | Killed a hill giant
 25594 | D:12     | Noticed an orc knight
 25642 | D:12     | Killed an orc knight
 25681 | D:12     | Noticed a hill giant
 25783 | D:12     | Killed a hill giant
 26607 | D:12     | Found a staircase to the Orcish Mines.
 27082 | D:12     | Noticed a three-headed hydra
 27090 | D:12     | Killed a three-headed hydra
 27362 | Orc:1    | Entered Level 1 of the Orcish Mines
 27437 | Orc:2    | Noticed Josephine
 27446 | Orc:1    | Killed Josephine
 27454 | Orc:1    | Reached skill level 18 in Unarmed Combat
 27805 | Orc:2    | Noticed Grum
 27868 | Orc:2    | Killed Grum
 28546 | Orc:1    | Noticed Snorg
 28548 | Orc:1    | Found Bauthar's Antique Weapon Emporium.
 28561 | Orc:1    | Killed Snorg
 28612 | Orc:1    | Noticed Prince Ribbit
 28624 | Orc:1    | Killed Prince Ribbit
 29445 | Orc:3    | Found a flagged portal.
 29665 | Bailey   | Entered a bailey
 30323 | Orc:3    | Found a roughly hewn altar of Beogh.
 31042 | Orc:4    | Entered Level 4 of the Orcish Mines
 31312 | Orc:4    | Noticed Gastronok
 31343 | Orc:4    | Killed Gastronok
 31403 | Orc:4    | Found a dark tunnel.
 31426 | Volcano  | Entered a volcano
 32276 | Orc:4    | Found a staircase to the Elven Halls.
 32657 | Orc:4    | Found Badocsin's Jewellery Boutique.
 33306 | Orc:4    | Found Smel's Magic Scroll Emporium.
 33321 | Orc:4    | Bought the ring "Souhulel" {rN+ MR+} for 456 gold pieces
 33321 | Orc:4    | Bought an uncursed amulet of regeneration for 420 gold pieces
 33321 | Orc:4    | Bought an uncursed ring of protection from magic for 350 gold pieces
 33334 | Orc:4    | Found Upniulit's Weapon Emporium.
 33336 | Orc:4    | Bought a scroll of identify for 34 gold pieces
 33336 | Orc:4    | Bought a scroll of identify for 34 gold pieces
 33336 | Orc:4    | Bought a scroll of identify for 34 gold pieces
 33336 | Orc:4    | Bought a scroll of remove curse for 51 gold pieces
 33336 | Orc:4    | Bought a scroll of identify for 34 gold pieces
 33348 | Orc:4    | Found Thirain's Book Boutique.
 33687 | D:13     | Reached XP level 16. HP: 94/97 MP: 26/26
 34086 | D:13     | Found a gate to the Vaults.
 34330 | D:13     | Reached skill level 19 in Unarmed Combat
 34928 | D:13     | Noticed Harold
 34947 | D:13     | Killed Harold
 36052 | Shoals:1 | Entered Level 1 of the Shoals
 36123 | Shoals:1 | Reached skill level 10 in Armour
 36675 | Shoals:1 | Received a gift from Okawaru
 36760 | Shoals:1 | Noticed a kraken
 36832 | Shoals:1 | Killed a kraken
 36905 | Shoals:1 | Received a gift from Okawaru
 38171 | Shoals:2 | Received a gift from Okawaru
 39340 | Shoals:3 | Reached XP level 17. HP: 87/102 MP: 27/27
 39404 | Shoals:3 | Reached skill level 20 in Unarmed Combat
 40188 | Shoals:4 | Received a gift from Okawaru
 40209 | Shoals:4 | Got a pair of slimy gloves {god gift}
 40217 | Shoals:4 | Identified the +1 pair of gloves of Fashionability {+Inv rN+ Dex-4} (Okawaru gifted it to you on level 4 of the Shoals)
 41165 | Shoals:5 | Entered Level 5 of the Shoals
 42028 | Shoals:5 | Got a barnacled rune of Zot
 42573 | Shoals:5 | Noticed Ilsuiw
 42718 | Shoals:5 | Killed Ilsuiw
 43143 | Shoals:5 | Reached XP level 18. HP: 95/114 MP: 27/27
 43349 | Shoals:5 | Found Giuhifit's Distillery.
 43369 | Shoals:5 | Bought 2 potions of curing for 108 gold pieces
 43369 | Shoals:5 | Bought a potion of heal wounds for 90 gold pieces
 43369 | Shoals:5 | Bought a potion of might for 72 gold pieces
 43369 | Shoals:5 | Bought a potion of agility for 72 gold pieces
 44643 | Snake:1  | Entered Level 1 of the Snake Pit
 44842 | Snake:1  | Reached skill level 15 in Dodging
 45983 | Snake:2  | Noticed Saint Roka
 47233 | Snake:2  | Hired Qechus the ogre mage for 922 gold.
 47242 | Snake:2  | Your ally Qechus died
 47403 | Snake:2  | Killed Saint Roka
 48021 | Snake:3  | Got an ancient plate armour
 48032 | Snake:3  | Identified the +0 plate armour of the Louse {+Blink rF+ Str-3} (You found it on level 3 of the Snake Pit)
 48531 | Snake:3  | Found Qanuokug's Magic Scroll Emporium.
 48551 | Snake:3  | Bought 2 scrolls of blinking for 270 gold pieces
 48585 | Snake:3  | Found Nevits' Book Shoppe.
 48878 | Snake:3  | Found Qaqotwav's Gadget Emporium.
 49168 | Snake:3  | Found Triphoig's General Store.
 49740 | Snake:4  | Reached XP level 19. HP: 114/120 MP: 26/28
 50217 | Snake:4  | Reached skill level 21 in Unarmed Combat
 51484 | Snake:5  | Entered Level 5 of the Snake Pit
 51609 | Snake:5  | Noticed Charly's ghost (powerful MiBe)
 51623 | Snake:5  | Killed Charly's ghost
 52837 | Snake:5  | Reached skill level 15 in Fighting
 53519 | Snake:5  | Received a gift from Okawaru
 54476 | Snake:5  | Got a serpentine rune of Zot
 55475 | D:14     | Reached XP level 20. HP: 118/129 MP: 26/29
 56129 | D:14     | Found a corrupted altar of Lugonu.
 56216 | D:15     | Entered Level 15 of the Dungeon
 57102 | Snake:3  | Bought the +2 hat of the Bear Spirit {Spirit, +Rage rN+ MR++} for 445 gold pieces
 57773 | Elf:1    | Entered Level 1 of the Elven Halls
 57808 | Elf:1    | Found a burning altar of Makhleb.
 58018 | Elf:1    | Reached skill level 1 in Evocations
 59256 | Elf:2    | Found Caikat's Quality Used Wands.
 59428 | Elf:2    | Found a runed gate.
 59428 | Elf:2    | Found a runed gate.
 59431 | Elf:2    | Found a runed gate.
 59497 | Elf:2    | Noticed Nikola
 59538 | Elf:2    | Killed Nikola
 59538 | Elf:2    | Reached skill level 5 in Evocations
 59835 | Elf:2    | Noticed Kharon's ghost (powerful MiBe)
 59854 | Elf:2    | Killed Kharon's ghost
 60690 | Elf:3    | Entered Level 3 of the Elven Halls
 60935 | Elf:3    | Found a frozen archway.
 60959 | Elf:3    | Noticed Azrael
 60983 | Elf:3    | Killed Azrael
 61063 | IceCv    | Entered an ice cave
 61809 | IceCv    | Got a wavering golden ring
 61828 | IceCv    | Identified the ring of Lounu {Wiz MP+9} (You found it in an ice cave)
 62487 | Elf:3    | Reached XP level 21. HP: 118/136 MP: 26/29
 63501 | Elf:3    | Reached skill level 22 in Unarmed Combat
 64277 | Elf:3    | Identified Cigotuvi's Catalogue of Unholy Arts
 64349 | Elf:3    | Got a spiked scale mail
 64360 | Elf:3    | Identified the +5 scale mail of the Farrier {MP-9 Str+5} (You found it on level 3 of the Elven Halls)
 64915 | Vaults:1 | Entered Level 1 of the Vaults
 65434 | Vaults:1 | Found Steucoid's Armour Emporium.
 65446 | Vaults:1 | Bought the +3 pair of gauntlets of War {Slay+5} for 950 gold pieces
 67002 | Vaults:2 | Noticed Sojobo
 67028 | Vaults:2 | Killed Sojobo
 67250 | Vaults:2 | Reached XP level 22. HP: 124/146 MP: 26/30
 67413 | Vaults:2 | Found Pnozierr's Book Emporium.
 67572 | Vaults:2 | Reached skill level 15 in Armour
 67898 | Vaults:2 | Received a gift from Okawaru
 68403 | Vaults:2 | Gained mutation: You are somewhat resistant to further mutation. [potion of beneficial mutation]
 69661 | Vaults:3 | Found Musha's Antique Armour Boutique.
 69702 | Vaults:3 | Identified a scroll of acquirement
 69783 | Vaults:3 | Found a staircase to the Crypt.
 69909 | Crypt:1  | Entered Level 1 of the Crypt
 71210 | Crypt:2  | Reached XP level 23. HP: 111/152 MP: 22/31
 71266 | Crypt:2  | Found a basalt altar of Yredelemnul.
 73392 | Crypt:3  | Entered Level 3 of the Crypt
 73924 | Crypt:3  | Found a staircase to the Tomb.
 74464 | Crypt:3  | Noticed an ancient lich
 74488 | Crypt:3  | Killed an ancient lich
 74645 | Crypt:3  | Found a basalt altar of Yredelemnul.
 75058 | Crypt:3  | Got a transparent platinum ring
 75058 | Crypt:3  | Got a wavering bone ring
 75063 | Crypt:3  | Identified the ring "Torirap" {rF+++ rN+ Str+7 Stlth-} (You found it on level 3 of the Crypt)
 75067 | Crypt:3  | Identified the ring of Zionaul {rPois rC- rN+ Str+4 Dex+6} (You found it on level 3 of the Crypt)
 75357 | Crypt:3  | Identified the Guide on Assistive Darkness
 75647 | Vaults:3 | Gained mutation: Potions and wands are less effective at restoring your health. [mutagenic glow]
 75867 | Vaults:3 | Reached XP level 24. HP: 124/157 MP: 20/31
 76242 | Vaults:3 | Reached skill level 5 in Stealth
 76908 | Vaults:3 | Reached skill level 23 in Unarmed Combat
 77229 | Vaults:4 | Received a gift from Okawaru
 77516 | Vaults:4 | Found a white marble altar of Elyvilon.
 77643 | Vaults:5 | Entered Level 5 of the Vaults
 78181 | Vaults:5 | Reached skill level 24 in Unarmed Combat
 78590 | Vaults:5 | Received a gift from Okawaru
 78602 | Vaults:5 | Reached XP level 25. HP: 133/162 MP: 27/32
 78857 | Vaults:5 | Lost mutation: Potions and wands are less effective at restoring your health. [potion of cure mutation]
 78857 | Vaults:5 | Lost mutation: You are somewhat resistant to further mutation. [potion of cure mutation]
 78931 | Vaults:5 | Reached skill level 25 in Unarmed Combat
 79008 | Vaults:5 | Got a silver rune of Zot
 79174 | Vaults:5 | Received a gift from Okawaru
 79912 | Vaults:5 | Got a heavily runed bronze ring
 79932 | Vaults:5 | Identified the ring of the Madman {rC+ MR+ Int+3 SInv} (You found it on level 5 of the Vaults)
 79946 | Vaults:5 | Identified a +2 pair of boots of running (You found it on level 5 of the Vaults)
 80181 | Vaults:5 | Got an ancient graven amulet
 80184 | Vaults:5 | Identified the amulet "Plytow" {Stasis Str+6} (You found it on level 5 of the Vaults)
 80188 | Vaults:5 | Got a warped turquoise ring
 80192 | Vaults:5 | Identified the ring "Ehol" {MP+9 AC+3 Str+4} (You found it on level 5 of the Vaults)
 80238 | Vaults:5 | Got a jewelled leather armour
 80241 | Vaults:5 | Identified the +5 leather armour of Weirdness {rPois rN+} (You found it on level 5 of the Vaults)
 81032 | D:15     | Found a staircase to the Depths.
 81607 | Depths:1 | Entered Level 1 of the Depths
 81617 | Depths:1 | Found a one-way gate leading to the halls of Pandemonium.
 81642 | Depths:1 | Found a gateway to Hell.
 81840 | Depths:1 | Found a gateway to a ziggurat.
 81920 | Depths:1 | Found a one-way gate to the infinite horrors of the Abyss.
 81968 | Depths:1 | Noticed Jorgrun
 81980 | Depths:1 | Killed Jorgrun
 82040 | Depths:1 | Found a shadowy altar of Dithmenos.
 82229 | Depths:1 | Found Usaph's Elemental Accessories.
 82461 | Depths:1 | Reached XP level 26. HP: 170/170 MP: 32/32
 82872 | Depths:2 | Found Emnamod's Gadget Emporium.
 82913 | Depths:2 | Received a gift from Okawaru
 83531 | Depths:2 | Noticed an ancient lich
 83782 | Depths:3 | Noticed Wiglaf
 83790 | Depths:3 | Killed Wiglaf
 83954 | Depths:3 | Noticed Asterion
 83984 | Depths:3 | Killed Asterion
 84037 | Depths:3 | Noticed Xtahua
 84060 | Depths:3 | Killed Xtahua
 84321 | Depths:3 | Got an agate-studded leather armour
 84333 | Depths:3 | Identified the cursed -1 leather armour of the Evening {+Inv rF++ Int+4} (You found it on level 3 of the Depths)
 84439 | Depths:3 | Reached skill level 26 in Unarmed Combat
 84450 | Depths:3 | Identified the Tome of Calling and Darkness (You found it on level 3 of the Depths)
 84459 | Depths:3 | Learned a level 5 spell: Summon Demon
 84494 | Depths:3 | Reached skill level 1 in Summonings
 85169 | Depths:4 | Reached XP level 27. HP: 150/179 MP: 33/33
 85339 | Depths:4 | Reached skill level 5 in Summonings
 85709 | Depths:4 | Found Capeapp's Book Shoppe.
 85744 | Depths:4 | Bought a book of Annihilations for 2208 gold pieces
 86014 | Depths:4 | Reached skill level 1 in Spellcasting
 86144 | Depths:5 | Entered Level 5 of the Depths
 86413 | Depths:5 | Found a gate to the Realm of Zot.
 86655 | Depths:5 | Reached skill level 5 in Spellcasting
 86713 | Depths:5 | Received a gift from Okawaru
 86725 | Depths:5 | Got a translucent scale mail {god gift}
 86739 | Depths:5 | Identified the +2 scale mail "Kaysk" {+Blink rN+ MP+9 Dex+4} (Okawaru gifted it to you on level 5 of the Depths)
 87186 | Zot:1    | Entered Level 1 of the Realm of Zot
 87939 | Zot:1    | Reached skill level 27 in Unarmed Combat
 91422 | Zot:3    | Cast into the Abyss (a Zot trap)
 92010 | Abyss:2  | Reached skill level 1 in Axes
 92193 | Abyss:2  | Paralysed by accursed screaming for 1 turns
 93369 | Abyss:3  | Reached skill level 5 in Axes
 93383 | Abyss:3  | Got an abyssal rune of Zot
 93734 | Zot:3    | Escaped the Abyss
 94435 | Slime:1  | Entered Level 1 of the Pits of Slime
 94451 | Slime:1  | Gained mutation: You expend magic power (3 MP) to slightly strengthen your wands. [a shining eye]
 94453 | Slime:1  | Gained mutation: Scrolls take you a little longer to read. [a shining eye]
 94456 | Slime:1  | Gained mutation: You expend magic power (6 MP) to strengthen your wands. [a shining eye]
 94748 | Slime:1  | Gained mutation: You tend to lose your temper in combat. [a shining eye]
 95841 | Slime:4  | Gained mutation: You are dopey. (Int -2) [a shining eye]
 96014 | Slime:4  | Gained mutation: Your magical capacity is low (-10% MP). [a shining eye]
 96017 | Slime:4  | Gained mutation: Your spells are a little easier to cast, but a little less powerful. [a shining eye]
 96330 | Slime:4  | Gained mutation: You are clumsy. (Dex -2) [a shining eye]
 96333 | Slime:4  | Gained mutation: You are frail (-10% HP). [a shining eye]
 96336 | Slime:4  | Gained mutation: You are weak. (Str -2) [a shining eye]
 96633 | Slime:6  | Entered Level 6 of the Pits of Slime
 96949 | Slime:6  | Gained mutation: You are very frail (-20% HP). [a shining eye]
 96952 | Slime:6  | Gained mutation: Your magical capacity is very low (-20% MP). [a shining eye]
 96957 | Slime:6  | Gained mutation: You occasionally shout uncontrollably at your foes. [a shining eye]
 97178 | Slime:6  | Noticed the royal jelly
 97524 | Slime:6  | Lost mutation: You occasionally shout uncontrollably at your foes. [potion of cure mutation]
 97524 | Slime:6  | Lost mutation: You are very frail (-20% HP). [potion of cure mutation]
 97524 | Slime:6  | Lost mutation: You expend magic power (6 MP) to strengthen your wands. [potion of cure mutation]
 97838 | Slime:5  | Lost mutation: You tend to lose your temper in combat. [potion of cure mutation]
 97838 | Slime:5  | Lost mutation: You are frail (-10% HP). [potion of cure mutation]
 97838 | Slime:5  | Lost mutation: You are weak. (Str -2) [potion of cure mutation]
 97838 | Slime:5  | Lost mutation: Your magical capacity is very low (-20% MP). [potion of cure mutation]
 97838 | Slime:5  | Lost mutation: You expend magic power (3 MP) to slightly strengthen your wands. [potion of cure mutation]
 98263 | Slime:6  | Killed the royal jelly
 98799 | Slime:6  | Identified Bauxy's Grimoire of Floating Attacks
 98816 | Slime:6  | Got a pair of dazzling gloves
 98819 | Slime:6  | Got a brightly glowing ring mail
 98835 | Slime:6  | Identified the +0 pair of gloves of the Spider Nest {rF+ rC+} (You found it on level 6 of the Pits of Slime)
 98838 | Slime:6  | Identified the +4 ring mail of the Manifold Spirits {Int+2} (You found it on level 6 of the Pits of Slime)
 98917 | Slime:6  | Got a slimy rune of Zot
 99134 | Slime:6  | Reached skill level 5 in Conjurations
 99561 | D:12     | Reached skill level 10 in Axes
 99774 | Orc:4    | Bought a scroll of brand weapon for 340 gold pieces
100523 | Vaults:3 | Reached skill level 1 in Long Blades
100708 | Tomb:1   | Entered Level 1 of the Tomb of the Ancients
100800 | Tomb:1   | Noticed Jory
100812 | Tomb:1   | Killed Jory
101817 | Tomb:1   | Reached skill level 5 in Long Blades
102050 | Tomb:2   | Noticed an ancient lich
103548 | Tomb:2   | Killed an ancient lich
105323 | Tomb:1   | Reached skill level 10 in Long Blades
106418 | Tomb:2   | Cast into the Abyss (a Zot trap)
106418 | Abyss:1  | Found a corrupted altar of Lugonu.
106443 | Tomb:2   | Escaped the Abyss
106555 | Tomb:2   | Received a gift from Okawaru
106683 | Tomb:3   | Entered Level 3 of the Tomb of the Ancients
106724 | Tomb:3   | Noticed an ancient lich
106852 | Tomb:3   | Noticed an ancient lich
107562 | Tomb:2   | Killed an ancient lich
107634 | Tomb:2   | Killed an ancient lich
108555 | Tomb:3   | Noticed an ancient lich
108569 | Tomb:3   | Killed an ancient lich
108633 | Tomb:3   | Got a translucent diamond amulet
108638 | Tomb:3   | Identified the amulet of Acleefid {rMut MP+9} (You found it on level 3 of the Tomb of the Ancients)
108697 | Tomb:3   | Got a fine ring mail
108700 | Tomb:3   | Identified the cursed -1 ring mail of Ufauchaf {Int-2 Slay+5 Stlth+} (You found it on level 3 of the Tomb of the Ancients)
108935 | Tomb:3   | Got a golden rune of Zot
109738 | Hell     | Entered the Vestibule of Hell
109738 | Hell     | Noticed Geryon
110258 | Hell     | Killed Geryon
110418 | Hell     | Found a gateway to the Iron City of Dis.
110502 | Dis:1    | Entered Level 1 of the Iron City of Dis
112628 | D:4      | Fell from the grace of Okawaru
112628 | D:4      | Became a worshipper of the Shining One
113120 | Dis:1    | Acquired the Shining One's first power
113545 | Dis:2    | Acquired the Shining One's second power
113740 | Dis:2    | Reached skill level 15 in Long Blades
114022 | Dis:2    | Acquired the Shining One's third power
114235 | Dis:2    | Acquired the Shining One's fourth power
117459 | Dis:6    | Gained mutation: Your body is slowly deteriorating. [mutagenic glow]
117835 | Dis:7    | Entered Level 7 of the Iron City of Dis
118558 | D:4      | Identified a +9 triple sword of holy wrath (a cursed +9 triple sword of distortion blessed by the Shining One)
120319 | Dis:4    | Was forgiven by Okawaru
120693 | Dis:7    | Noticed Charly's ghost (awesomely powerful MiBe)
121083 | Dis:7    | Killed Charly's ghost
121371 | Dis:7    | Got a heavily runed helmet
121374 | Dis:7    | Identified the +3 helmet "Shruteide" {rElec rPois rC- Int+4} (You found it on level 7 of the Iron City of Dis)
121965 | Dis:7    | Noticed Dispater
122263 | Dis:7    | Killed Dispater
122385 | Dis:7    | Got an iron rune of Zot
122744 | Pan      | Entered Pandemonium
123121 | Pan      | Gained mutation: Your magical capacity is very low (-20% MP). [a cacodemon]
123205 | Pan      | Found an exit through the horrors of the Abyss.
123605 | Pan      | Noticed Gejoung the pandemonium lord
123613 | Pan      | Killed Gejoung the pandemonium lord
123755 | Pan      | Found an exit through the horrors of the Abyss.
123972 | Pan      | Gained mutation: You are very clumsy. (Dex -4) [a cacodemon]
123974 | Pan      | Gained mutation: Your body is deteriorating. [a cacodemon]
124208 | Pan      | Noticed Smatroir the pandemonium lord
124216 | Pan      | Killed Smatroir the pandemonium lord
124485 | Pan      | Found an exit through the horrors of the Abyss.
124487 | Pan      | Gained mutation: You are frail (-10% HP). [a cacodemon]
124686 | Pan      | Found a gateway to a ziggurat.
125572 | Pan      | Found an exit through the horrors of the Abyss.
125842 | Pan      | Noticed Merphoec the pandemonium lord
125846 | Pan      | Gained mutation: Scrolls take you longer to read. [a cacodemon]
125856 | Pan      | Killed Merphoec the pandemonium lord
126104 | Pan      | Reached skill level 10 in Invocations
126340 | Pan      | Gained mutation: You tend to lose your temper in combat. [a neqoxec]
126914 | Pan      | Noticed Iciurous the pandemonium lord
127004 | Pan      | Killed Iciurous the pandemonium lord
127129 | Pan      | Found an exit through the horrors of the Abyss.
127459 | Pan      | Found an exit through the horrors of the Abyss.
127498 | Pan      | Gained mutation: Potions and wands are less effective at restoring your health. [a cacodemon]
127791 | Pan      | Gained mutation: Your magical capacity is extremely low (-30% MP). [a neqoxec]
127904 | Pan      | Gained mutation: Your body is rapidly deteriorating. [a neqoxec]
128177 | Pan      | Found an exit through the horrors of the Abyss.
128254 | Pan      | Noticed Pien the pandemonium lord
128260 | Pan      | Killed Pien the pandemonium lord
129049 | Pan      | Found an exit through the horrors of the Abyss.
129317 | Pan      | Noticed Pudwuc the pandemonium lord
129349 | Pan      | Killed Pudwuc the pandemonium lord
129366 | Pan      | Found an exit through the horrors of the Abyss.
129990 | Pan      | Lost mutation: You are very clumsy. (Dex -4) [a neqoxec]
130208 | Pan      | Noticed Happaso the pandemonium lord
130218 | Pan      | Killed Happaso the pandemonium lord
130288 | Pan      | Entered the realm of Gloorx Vloq.
130450 | Pan      | Found an exit through the horrors of the Abyss.
130984 | Pan      | Noticed Gloorx Vloq
130997 | Pan      | Killed Gloorx Vloq
131048 | Pan      | Got a dark rune of Zot
131300 | Pan      | Entered the realm of Cerebov.
131451 | Pan      | Reached skill level 27 in Fighting
131660 | Pan      | Noticed Cerebov
131736 | Pan      | The Shining One protects you from harm!
131737 | Pan      | HP: 6/179 [fire vortex[Cerebov] (3)]
131738 | Pan      | The Shining One protects you from harm!
131739 | Pan      | HP: 2/179 [balrug/divine providence (10)]
131749 | Pan      | HP: 8/179 [balrug/divine providence (8)]
131774 | Pan      | Killed Cerebov
132305 | Pan      | Got a fiery rune of Zot
132822 | Pan      | Noticed Weit the pandemonium lord
132834 | Pan      | Killed Weit the pandemonium lord
132918 | Pan      | Found an exit through the horrors of the Abyss.
132946 | Pan      | Noticed Osehas the pandemonium lord
132955 | Pan      | Killed Osehas the pandemonium lord
133015 | Pan      | Entered the realm of Lom Lobon.
133017 | Pan      | Noticed Lom Lobon
133035 | Pan      | Killed Lom Lobon
133081 | Pan      | Got a magical rune of Zot
133721 | Pan      | Found an exit through the horrors of the Abyss.
133958 | Pan      | Gained mutation: Scrolls take you much longer to read. [a neqoxec]
134119 | Pan      | Noticed Neilil the pandemonium lord
134128 | Pan      | Killed Neilil the pandemonium lord
134186 | Pan      | Identified the Catalogue of the Nine Lives
134206 | Pan      | Gained mutation: You are very frail (-20% HP). [a neqoxec]
134246 | Pan      | Noticed Peoxzon the pandemonium lord
134255 | Pan      | Killed Peoxzon the pandemonium lord
134280 | Pan      | Identified the Collected Works on Calling
134313 | Pan      | Found an exit through the horrors of the Abyss.
134442 | Pan      | Found a gateway to a ziggurat.
134748 | Pan      | Found an exit through the horrors of the Abyss.
135001 | Pan      | Noticed Mogga Saly the pandemonium lord
135009 | Pan      | Killed Mogga Saly the pandemonium lord
135067 | Pan      | Reached skill level 27 in Armour
135543 | Pan      | Noticed Vuufailiuj the pandemonium lord
135577 | Pan      | Got a pitted ivory ring
135583 | Pan      | Identified the cursed ring of the Eight Seas {rF+ Dex-6} (You found it in Pandemonium)
135630 | Pan      | Killed Vuufailiuj the pandemonium lord
135880 | Pan      | Reached skill level 15 in Invocations
135949 | Pan      | Noticed Elaixt the pandemonium lord
135959 | Pan      | Killed Elaixt the pandemonium lord
136008 | Pan      | Found an exit through the horrors of the Abyss.
136291 | Pan      | Gained mutation: You occasionally shout uncontrollably at your foes. [a neqoxec]
136740 | Pan      | Noticed Theah the pandemonium lord
136750 | Pan      | Killed Theah the pandemonium lord
137724 | Pan      | Found an exit through the horrors of the Abyss.
137822 | Pan      | Noticed Mug Udui the pandemonium lord
137826 | Pan      | Killed Mug Udui the pandemonium lord
137855 | Pan      | Identified the Guide on Changing
137932 | Pan      | Noticed Khittim the pandemonium lord
137937 | Pan      | Killed Khittim the pandemonium lord
137955 | Pan      | Got a demonic rune of Zot
137962 | Pan      | Entered the realm of Mnoleg.
137981 | Pan      | Found an exit through the horrors of the Abyss.
138249 | Pan      | Gained mutation: You expend magic power (3 MP) to slightly strengthen your wands. [a neqoxec]
138276 | Pan      | Gained mutation: Your spells are easier to cast, but less powerful. [a neqoxec]
138336 | Pan      | Noticed Mnoleg
138350 | Pan      | Killed Mnoleg
138383 | Pan      | Got a glowing rune of Zot
138463 | Pan      | Took an exit into the Abyss.
138463 | Abyss:1  | Escaped into the Abyss
138636 | Depths:1 | Escaped the Abyss
139191 | Zot:5    | Entered Level 5 of the Realm of Zot
139505 | Zot:5    | Noticed an ancient lich
139509 | Zot:5    | Killed an ancient lich
139526 | Zot:5    | Noticed an ancient lich
139533 | Zot:5    | Killed an ancient lich
139551 | Zot:5    | Noticed an orb of fire
139551 | Zot:5    | Noticed an orb of fire
139563 | Zot:5    | Killed an orb of fire
139578 | Zot:5    | Noticed an orb of fire
139578 | Zot:5    | Killed an orb of fire
139599 | Zot:5    | Killed an orb of fire
139723 | Zot:5    | Noticed an orb of fire
139740 | Zot:5    | Killed an orb of fire
139813 | Zot:5    | Got the Orb of Zot
140088 | Depths:4 | Gained mutation: Armour fits poorly on your strangely shaped body. [a neqoxec]
140161 | Depths:4 | Gained mutation: You are extremely frail (-30% HP). [a neqoxec]
140334 | D:15     | Noticed Kiekoemao the pandemonium lord
140493 | D:11     | Noticed Beogig the pandemonium lord
140880 | D:$      | Escaped with the Orb!

Action                   |  1- 3 |  4- 6 |  7- 9 | 10-12 | 13-15 | 16-18 | 19-21 | 22-24 | 25-27 || total
-------------------------+-------+-------+-------+-------+-------+-------+-------+-------+-------++-------
Melee: Unarmed           |   116 |   175 |   625 |  1000 |  2052 |  2124 |  2383 |  2059 |  6550 || 17084
       Triple sword      |       |       |       |       |       |       |       |       |  2263 ||  2263
Throw: Tomahawk          |       |       |       |     2 |       |       |       |       |       ||     2
Invok: Heroism           |       |     4 |    13 |    23 |    49 |    56 |    74 |    68 |   232 ||   519
       Finesse           |       |       |       |       |     5 |     9 |     2 |    12 |    11 ||    39
       Summon Divine War |       |       |       |       |       |       |       |       |    73 ||    73
       Divine Shield     |       |       |       |       |       |       |       |       |    68 ||    68
       Cleansing Flame   |       |       |       |       |       |       |       |       |    17 ||    17
 Abil: Fly               |       |       |       |       |     4 |       |       |       |     2 ||     6
       Stop Flying       |       |       |       |       |     3 |       |       |       |     1 ||     4
       Evoke Berserk Rag |       |       |       |       |       |       |     3 |     1 |     1 ||     5
       Evoke Blink       |       |       |       |       |       |       |       |       |    21 ||    21
Evoke: Deck              |       |       |       |       |     3 |     1 |       |       |       ||     4
       Box of beasts     |       |       |       |       |     2 |     2 |       |       |       ||     4
       Phial of floods   |       |       |       |       |     1 |     2 |     1 |       |       ||     4
       Wand              |       |       |       |       |       |     4 |       |       |    26 ||    30
  Use: Potion            |     1 |       |     7 |     1 |    15 |     6 |     2 |     8 |    46 ||    86
       Scroll            |     5 |     8 |     6 |    15 |    11 |    14 |    18 |     8 |    53 ||   138
 Stab: Sleeping          |       |       |     6 |     2 |     1 |     1 |     2 |       |     8 ||    20
       Distracted        |       |       |       |       |     4 |     2 |     1 |     2 |     5 ||    14
       Invisible         |       |       |       |       |       |       |       |       |     3 ||     3
  Eat: Chunk             |     3 |     6 |    15 |    11 |    39 |    49 |    28 |    11 |    71 ||   233
       Fruit             |       |     1 |       |       |     7 |    15 |    13 |     2 |    18 ||    56
       Bread ration      |       |       |     1 |       |     2 |     2 |     1 |     6 |    13 ||    25
       Meat ration       |       |       |       |     3 |     1 |       |     3 |     1 |     9 ||    17
       Beef jerky        |       |       |       |     2 |     1 |       |     2 |       |    13 ||    18
       Pizza             |       |       |       |       |       |       |       |       |    12 ||    12
       Royal jelly       |       |       |       |       |       |       |       |       |     7 ||     7
